 Dungeon Crawl Stone Soup version 0.30-a0-760-g5a9884bb7c (webtiles) character file.

Game seed: 10321371481169451356

44 sircluck the Covert (level 3, -7/22 HPs)
             Began as a Vampire Delver on Feb 10, 2023.
             Mangled by Duvessa
             ... wielding a +0 short sword of protection
              (12 damage)
             ... on level 5 of the Dungeon.
             The game lasted 00:01:21 (77 turns).

sircluck the Covert (Vampire Delver)                  Turns: 77, Time: 00:01:22

Health: -7/22      AC:  3    Str: 11    XL:     3   Next: 39%
Magic:  3/3        EV: 12    Int: 12    God:
Gold:   0          SH:  0    Dex: 17    Spells: 2/2 levels left

rFire   . . .      SeeInvis +    a - +0 short sword
rCold   + + .      Faith    .    (no shield)
rNeg    + + +      Spirit   .    b - +0 leather armour
rPois   ∞          Reflect  .    (no helmet)
rElec   .          Harm     .    (no cloak)
rCorr   .          Rampage  .    (no gloves)
Will    .....                    (no boots)
Stlth   ++++++                   (no amulet)
HPRegen 0.00/turn                (no ring)
MPRegen 0.08/turn                (no ring)

@: bloodless, inhibited regen
A: bloodless, fangs 3, see invisible, vampiric 2
a: Bat Form, Revivify


You were on level 5 of the Dungeon.
You visited 1 branch of the dungeon, and saw 1 of its levels.

Inventory:

Hand Weapons
 a - a +0 short sword (weapon)
Armour
 b - a +0 leather armour (worn)
Wands
 g - a wand of digging (3)
Scrolls
 c - a scroll of fog
 d - a scroll of magic mapping
 e - a scroll of fear
 h - a scroll of brand weapon {unknown}
Potions
 f - a potion of haste


   Skills:
 + Level 2.9 Fighting
 + Level 2.2 Short Blades
 + Level 2.9 Dodging
 + Level 8.3 Stealth


You had 2 spell levels left.
You didn't know any spells.
Your spell library was empty.

Dungeon Overview and Level Annotations

Branches:
Dungeon (5/15)
 Temple: D:4-7

Altars:

Annotations:
D:5 Duvessa


Innate Abilities, Weirdness & Mutations

You do not regenerate when monsters are visible.
You are frail without blood (-20% HP).
You can heal yourself when you bite living creatures.
You are immune to poison.
You have razor-sharp teeth.
You have supernaturally acute eyesight. (SInv)
You are afflicted with vampirism and can become a bat while bloodless.


Message History

Welcome, sircluck the Vampire Delver.
You feel drawn to the Orb of Zot, downwards into the unfathomable depths...
Press ? for a list of commands and other information.
Found a scroll labelled LUW HAEKHAMECO.
Found a stone staircase leading down.
h - a scroll labelled LUW HAEKHAMECO
Found a stone staircase leading down.
An iguana comes into view.
Found a runed long sword.
Found a stone staircase leading up.
You see here a +3 long sword of holy wrath.
i - a +3 long sword of holy wrath You drop a +3 long sword of holy wrath.
You begin bloodletting.
You continue bloodletting. x5
HP restored.
You become bloodless.
You see here a +3 long sword of holy wrath.
Dowan, Brother of Duvessa comes into view.
He is wielding a +1 dagger of speed.
Duvessa, Sister of Dowan comes into view.
She is wielding a +0 short sword of protection.
The helpless Dowan fails to defend himself.
You bite Dowan, and draw his blood! You impale Dowan!!
You kill Dowan!
Duvessa screams, "No!
How DARE you!"
Duvessa goes berserk!
Your Stealth skill increases to level 8!
You have reached level 2!
You have reached level 3!
Your experience leads to an increase in your attributes!
Increase (S)trength, (I)ntelligence, or (D)exterity?
You feel agile. x2
You can now turn into a vampire bat when bloodless.
You completely miss Duvessa.
Duvessa hits you with a +0 short sword of protection.
You hit Duvessa but do no damage.
Duvessa hits you with a +0 short sword of protection.
Duvessa hits you with a +0 short sword of protection!
Ouch! That really hurt!
* * * LOW HITPOINT WARNING * * *
Duvessa hits you with a +0 short sword of protection!
Ouch! That really hurt!
You die...

.l# #.##..# #.#
#.##..###########.
#.####.##..............
#..<.)..#.####..######
#.###...#.# #..#######.
#.........# #..........
#.###.#.### #.########.
#####.# #.#.######.#
......# #.#....e@..#
####### #......#####
######.)......
#########


You could see Duvessa (berserk).

Vanquished Creatures
  Dowan (D:5)
1 creature vanquished.

Notes
Turn   | Place    | Note
-------+----------+-------------------------------------------
     0 | D:5      | sircluck the Vampire Delver began the quest for the Orb.
     0 | D:5      | Reached XP level 1. HP: 17/17 MP: 1/1
    28 | D:5      | Noticed an iguana
    71 | D:5      | Noticed Dowan
    72 | D:5      | Noticed Duvessa
    73 | D:5      | Killed Dowan
    74 | D:5      | Reached skill level 8 in Stealth
    74 | D:5      | Reached XP level 2. HP: 18/18 MP: 2/2
    74 | D:5      | Gained mutation: You are afflicted with vampirism and can
                  | become a bat while bloodless. [Vampire growth]
    74 | D:5      | Reached XP level 3. HP: 22/22 MP: 3/3
    77 | D:5      | Mangled by Duvessa

Illustrated notes

Levels and vault maps discovered:
D:5:      layout_loops_ring, nemelex_spade_bored_becter, zin_scriptorium,
          patterned_corridor, uniq_edmund, uniq_duvessa, uniq_ijyb

Skill      XL: |  1 |
---------------+----+-----
Stealth        | 8 |  8.3
Fighting       | |  2.9
Short Blades   | |  2.2
Dodging        | |  2.9

Action                     || total
---------------------------++-------
  Melee: Short sword       ||     3
Ability: Exsanguinate      ||     1
   Stab: Sleeping          ||     1

Table legend: (Time is in decaauts)
 A = Elapsed time spent in this place.
 B = Non-inter-level travel time spent in this place.
 C = Inter-level travel time spent in this place.
 D = Time resting spent in this place.
 E = Time spent auto-exploring this place.
 F = Levels seen in this place.
 G = Mean time per level.
                   A        B        C        D        E       F      G
               +--------+--------+--------+--------+--------+-----+--------+
         Total |     76 |     76 |      0 |      0 |     47 |   1 |   76.0 |
       Dungeon |     76 |     76 |      0 |      0 |     47 |   1 |   76.0 |
               +--------+--------+--------+--------+--------+-----+--------+

Top non-repeatable levels by time:
     D:5: 76 daAuts
